AoeStats
← Jack213

African Clearing

510371371Analyzed
3v3 RM · 19h ago on Sep 30, 2026· 69m 25s· 6 players
Game mode
Random Map
Map size
Normal (6 player)
Population
200
Speed
Normal
Resources
Standard
Victory
Conquest
Starting age
Dark Age
Ending age
Imperial Age
RankedLock teamsTeams togetherTeam positionsShared explorationLock speedFull tech treeHidden civsTurbo modeCheats
Victory
Defeat
🇲🇽 Byzantines · Mexico
1229
+17
🇸🇪 Mongols · Sweden
1219
+17
🇸🇪 Malians · Sweden
1206
+18
🇫🇷 Magyars · France
1254
-18
🇫🇷 Burmese · France
1236
-17
🇫🇷 Wei · France
1234
-17
EssLaBoa
4:43 Loom
15:02 Feudal Age
19:43 Castle Age
19:28 Wheelbarrow
19:03 Double-Bit Axe
24:33 Horse Collar
27:05 Squires
28:06 Forging
27:56 Scale Mail Armor
27:51 Arson
28:15 Pikeman
29:59 Iron Casting
30:10 Heavy Plow
29:58 Elite Skirmisher
31:24 Bow Saw
32:46 Hand Cart
35:12 Fletching
35:31 Thumb Ring
39:24 Imperial Age
38:02 Chain Mail Armor
37:42 Bodkin Arrow
38:38 Ballistics
37:59 Treadmill Crane
40:43 Logistica
41:40 Chemistry
41:35 Fortified Wall
42:29 Conscription
42:22 Padded Archer Armor
42:43 Elite Varangian Guard
44:59 Plate Mail Armor
47:37 Bracer
47:52 Leather Archer Armor
47:36 Gambesons
53:11 Halberdier
66:32 Crop Rotation
HELGE!!!!!!!!!!!
8:56 Loom
11:40 Feudal Age
12:12 Double-Bit Axe
22:03 Castle Age
20:49 Fletching
22:59 Bow Saw
24:05 Ballistics
23:44 Bodkin Arrow
27:58 Stone Mining
32:18 Padded Archer Armor
40:41 Imperial Age
39:02 Wheelbarrow
38:44 Scale Barding Armor
38:49 Forging
39:11 Bloodlines
39:02 Husbandry
40:08 Chain Barding Armor
40:55 Iron Casting
40:42 Elite Steppe Lancer
41:36 Bracer
42:41 Chemistry
43:50 Blast Furnace
49:20 Blast Furnace
50:05 Elite Mangudai
55:08 Town Watch
62:28 Gold Mining
Kaos1000
8:36 Loom
16:35 Feudal Age
22:39 Castle Age
21:26 Scale Mail Armor
21:40 Forging
22:28 Arson
23:01 Double-Bit Axe
23:00 Horse Collar
23:57 Squires
24:37 Bow Saw
29:39 Town Watch
30:34 Wheelbarrow
37:17 Chain Mail Armor
37:41 Iron Casting
37:11 Scale Barding Armor
38:34 Tigui
38:39 Stone Mining
38:44 Gold Mining
41:33 Fletching
41:55 Masonry
42:21 Fortified Wall
42:32 Ballistics
46:06 Bodkin Arrow
47:41 Heavy Plow
56:11 Imperial Age
56:14 Scale Barding Armor
57:32 Crop Rotation
56:31 Elite Gbeto
57:55 Bloodlines
57:46 Husbandry
58:46 Conscription
57:50 Light Cavalry
58:58 Chain Barding Armor
58:59 Cavalier
61:08 Plate Barding Armor
61:06 Plate Mail Armor
61:12 Plate Barding Armor
62:12 Farimba
62:48 Hoardings
66:24 Padded Archer Armor
Jack213
4:28 Loom
14:32 Feudal Age
14:59 Horse Collar
20:45 Wheelbarrow
23:21 Castle Age
22:41 Forging
23:12 Scale Mail Armor
22:50 Man-at-Arms
24:06 Town Watch
24:25 Squires
26:59 Fletching
27:13 Long Swordsman
27:49 Gambesons
28:14 Pikeman
28:20 Elite Skirmisher
30:30 Arson
32:11 Iron Casting
31:56 Hand Cart
32:30 Crossbowman
33:13 Bodkin Arrow
33:55 Padded Archer Armor
35:54 Chain Mail Armor
38:09 Ballistics
38:03 Gold Mining
46:27 Imperial Age
47:11 Gold Shaft Mining
46:26 Stone Mining
47:07 Masonry
47:03 Heavy Plow
48:15 Blast Furnace
47:46 Plate Mail Armor
46:37 Two-Handed Swordsman
46:38 Halberdier
47:52 Conscription
47:39 Champion
50:03 Bracer
53:04 Architecture
60:11 Scale Barding Armor
61:50 Chain Barding Armor
61:16 Elite Battle Elephant
64:35 Plate Barding Armor
64:38 Husbandry
64:50 Bloodlines
66:54 Parthian Tactics
alexisius(FR)
5:03 Loom
13:41 Feudal Age
19:35 Castle Age
17:56 Double-Bit Axe
20:41 Town Watch
25:11 Wheelbarrow
26:43 Hand Cart
26:39 Stone Mining
30:19 Crossbowman
30:52 Fletching
33:46 Bodkin Arrow
38:00 Imperial Age
35:41 Scale Mail Armor
36:05 Scale Barding Armor
35:45 Light Cavalry
37:04 Bloodlines
37:27 Horse Collar
38:13 Husbandry
39:06 Chain Barding Armor
39:07 Cavalier
40:33 Plate Barding Armor
43:56 Gold Mining
44:46 Arbalester
46:06 Bracer
47:14 Thumb Ring
51:30 Padded Archer Armor
56:41 Chemistry
56:29 Elite Skirmisher
59:04 Careening
60:06 Dry Dock
60:07 Ballistics
60:15 Thumb Ring
61:18 Pikeman
64:52 Halberdier
65:59 Heavy Plow
67:27 Scale Mail Armor
69:11 Chain Mail Armor
skyles
6:07 Loom
13:22 Feudal Age
13:51 Double-Bit Axe
13:52 Horse Collar
22:50 Castle Age
22:01 Scale Barding Armor
22:21 Forging
23:39 Bloodlines
24:58 Bow Saw
25:25 Town Watch
27:26 Heavy Plow
28:39 Chain Barding Armor
30:04 Iron Casting
29:58 Husbandry
31:04 Fletching
31:15 Padded Archer Armor
32:24 Bodkin Arrow
33:41 Wheelbarrow
37:32 Imperial Age
36:04 Ballistics
36:09 Thumb Ring
36:17 Light Cavalry
39:07 Parthian Tactics
39:50 Gold Mining
41:17 Heavy Hei Guang Cavalry
42:45 Gold Shaft Mining
42:46 Bracer
43:01 Leather Archer Armor
45:25 Ring Archer Armor
45:55 Hussar
49:01 Chemistry
49:35 Conscription
49:47 Elite Skirmisher
50:36 Capped Ram
51:40 Siege Ram
Connection lost

Rejoining the realm…

Still unreachable

The connection could not be restored.

Session expired

The server has moved on; the page needs a fresh start.